 Dungeon Crawl Stone Soup version 0.29-a0-222-g5b244fca1f (webtiles) character file.

Game seed: 14033853347005355621

3261 ReploidZero the Twirler (level 10, 0/55 HPs)
             Began as a Vine Stalker Gladiator on Feb 27, 2022.
             Was an Initiate of Ru.
             Slain by a boulder beetle (18 damage)
             ... on level 6 of the Dungeon.
             The game lasted 00:20:59 (6879 turns).

ReploidZero the Twirler (Vine Stalker Gladiator)    Turns: 6879, Time: 00:20:59

Health: 0/55       AC:  5    Str: 21    XL:     10   Next: 0%
Magic:  0/11       EV: 17    Int:  8    God:    Ru [......]
Gold:   261        SH:  0    Dex: 22    Spells: 9/9 levels left

rFire   . . .      SeeInvis .   v - +5 quarterstaff (chaos)
rCold   . . .      Faith    .   (shield currently unavailable)
rNeg    . . .      Spirit   +   b - +0 leather armour
rPois   .          Reflect  .   c - +0 helmet
rElec   .          Harm     .   w - +0 cloak
rCorr   .          Rampage  .   (no gloves)
Will    +....                   (no boots)
Stlth   ++........              o - amulet of regeneration
HPRegen 1.78/turn               y - +6 ring of dexterity
MPRegen 0.12/turn               g - ring of flight

@: flying
A: fangs 3, regeneration 1, magic shield, antimagic bite, no potion heal 2
a: Renounce Religion


You were on level 6 of the Dungeon.
You worshipped Ru.
Ru was noncommittal.
You visited 2 branches of the dungeon, and saw 8 of its levels.

You collected 261 gold pieces.

Inventory:

Hand Weapons
 a - a +0 quarterstaff
 v - a +5 quarterstaff of chaos (weapon)
Missiles
 d - 2 throwing nets (quivered)
Armour
 b - a +0 leather armour (worn)
 c - a +0 helmet (worn)
 l - a +0 plate armour
 w - a +0 cloak (worn)
Jewellery
 g - a ring of flight (right hand)
 o - an amulet of regeneration (around neck)
 y - a +6 ring of dexterity (left hand)
Scrolls
 h - 4 scrolls of identify
 i - 2 scrolls of fog
 k - a scroll of magic mapping
Potions
 f - 3 potions of attraction
 j - 2 potions of brilliance
 m - a potion of magic
 r - 5 potions of curing
 u - a potion of cancellation
 x - a potion of might
 z - a potion of mutation


   Skills:
 + Level 7.4 Fighting
 + Level 7.7 Staves
 - Level 2.0 Throwing
 + Level 7.1 Dodging


You had 9 spell levels left.
You didn't know any spells.
Your spell library contained the following spells:

 Spells                   Type           Power      Damage    Failure   Level
 Sandblast                Erth           0%         2d4       45%         1
 Shock                    Conj/Air       0%         1d3       45%         1
 Swiftness                Air            0%         N/A       83%         3
 Airstrike                Air            0%         N/A       99%         4


Dungeon Overview and Level Annotations

Branches:
Dungeon (7/15)             Temple (1/1) D:6

Altars:
Ashenzari
Cheibriados
Dithmenos
Elyvilon
Kikubaaqudgha
Makhleb
Okawaru
Qazlal
Ru
Sif Muna
Trog
Vehumet
Wu Jian
Xom
Yredelemnul
Zin
The Shining One

Shops:
D:5 =   D:7 [


Innate Abilities, Weirdness & Mutations

You have razor-sharp teeth.
Your natural rate of healing is unusually fast.
When hurt, damage is shared between your health and your magic reserves.
Your bite disrupts and absorbs the magic of your enemies.
Potions cannot restore your health.


Message History

You hit the boulder beetle but do no damage.
You bite the boulder beetle, but do no damage.
The boulder beetle bites you!!
The centaur shouts!
You thump the boulder beetle! You burn the boulder beetle.
You bite the boulder beetle, but do no damage.
The boulder beetle is lightly wounded.
You hit the boulder beetle but do no damage.
Space warps around the boulder beetle.
The boulder beetle is lightly wounded.
The boulder beetle misses you.
You hit the boulder beetle.
The boulder beetle is poisoned.
The boulder beetle is lightly wounded.
The centaur wields a +0 shortbow.
The centaur shoots an arrow.
The arrow closely misses you. The boulder beetle barely misses you.
You sock the boulder beetle!
You bite the boulder beetle, but do no damage.
The boulder beetle is moderately wounded.
You hear the quick hiss of an avalanche of sand very nearby.
The boulder beetle bites you!!
There is a stone staircase leading up here.
The boulder beetle bites you!!
* * * LOW HITPOINT WARNING * * *
You fly upwards.
There is a stone staircase leading down here.
Okay, then.
Okay, then.
Okay, then.
Okay, then.
Okay, then.
Unknown command.
Unknown command.
You hit the boulder beetle but do no damage.
The boulder beetle resists with almost no effort.
The boulder beetle is heavily wounded.
The boulder beetle misses you.
You hit the boulder beetle but do no damage.
The boulder beetle is heavily wounded.
The boulder beetle bites you!!
You die...

##.### #...##### #......... ###
##......#####.........
#.........)##.......#
#.#####...........### ## #.##
#####.......).. .## #..#
##########..)... ..##
#..###......######... ...#
###..>.........## ###. .<.#
##....B@.[.......# #. ...#
##........).......####### ..##
##.........).............[
..######......................###
.....##.....#............######
####.......##............#
####...###............#
##...#..#.........##
##....###......###


You could see a boulder beetle (poisoned).

Vanquished Creatures
  Pikel (D:4)
  A gargoyle (D:7)
  The ghost of benadryl the Shooter, an amateur DEHu (D:5)
  A water moccasin (D:7)
  An acid dragon (D:6)
  2 sky beasts (D:6)
  2 necrophages
  2 black bears
  A lemure (D:4)
  A centaur (D:6)
  2 phantoms (D:7)
  3 bullfrogs
  A gnoll sergeant (D:6)
  A scorpion (D:5)
  3 wights
  2 howler monkeys
  An electric eel (D:7)
  A hound (D:4)
  A jelly (D:5)
  Crazy Yiuf (D:3)
  2 gnoll shamans (D:6)
  3 orc priests (D:5)
  6 orc wizards
  3 iguanas
  12 adders
  15 gnolls
  A worm (D:2)
  2 dart slugs
  8 orcs
  5 ball pythons
  9 endoplasms
  8 giant cockroaches
  10 hobgoblins
  A jackal (D:3)
  4 quokkas
  3 bats
  8 frilled lizards
  7 goblins
  9 kobolds
  9 rats
154 creatures vanquished.

Vanquished Creatures (others)
  A gnoll (D:6)
1 creature vanquished.

Grand Total: 155 creatures vanquished

Notes
Turn   | Place    | Note
-------+----------+-------------------------------------------
     0 | D:1      | ReploidZero the Vine Stalker Gladiator began the quest for
                  | the Orb.
     0 | D:1      | Reached XP level 1. HP: 11/11 MP: 2/2
    79 | D:1      | Found a faded altar of an unknown god.
    85 | D:1      | Got Plato's Incunabulum of the Mountains
   214 | D:1      | Reached XP level 2. HP: 15/15 MP: 3/3
   569 | D:1      | Reached XP level 3. HP: 15/18 MP: 4/4
  1611 | D:2      | Gained mutation: Your natural rate of healing is unusually
                  | fast. [Vine Stalker growth]
  1611 | D:2      | Reached XP level 4. HP: 23/23 MP: 5/5
  2294 | D:3      | You fall into a shaft and drop 3 floors!
  2358 | D:6      | Noticed a bullfrog
  2385 | D:6      | Killed a bullfrog
  2386 | D:6      | Reached XP level 5. HP: 22/28 MP: 2/6
  2432 | D:6      | Noticed a sky beast
  2433 | D:6      | Noticed a necrophage
  2469 | D:5      | Entered Level 5 of the Dungeon
  2473 | D:5      | Found a bloodstained altar of Trog.
  2506 | D:5      | Found Qalowano's Jewellery Shoppe.
  2778 | D:3      | Found a runed translucent door.
  2779 | D:3      | Noticed Crazy Yiuf
  2886 | D:3      | Found a glowing silver altar of Zin.
  2998 | D:3      | Reached XP level 6. HP: 32/32 MP: 7/7
  3160 | D:3      | Killed Crazy Yiuf
  3249 | D:4      | Noticed a necrophage
  3254 | D:4      | Killed a necrophage
  3316 | D:4      | Reached XP level 7. HP: 37/37 MP: 8/8
  3636 | D:4      | Noticed Pikel
  3707 | D:4      | Killed Pikel
  3708 | D:4      | Reached skill level 5 in Fighting
  3708 | D:4      | Reached skill level 5 in Staves
  3708 | D:4      | Reached skill level 5 in Dodging
  3708 | D:4      | Gained mutation: You have razor-sharp teeth. [Vine Stalker
                  | growth]
  3708 | D:4      | Reached XP level 8. HP: 38/43 MP: 7/9
  4168 | D:5      | Found a runed translucent door.
  4170 | D:5      | Noticed benadryl's ghost (amateur DEHu)
  4866 | D:5      | Killed benadryl's ghost
  5041 | D:6      | Paralysed by a centaur for 3 turns
  5254 | D:5      | Reached XP level 9. HP: 37/48 MP: 3/10
  6116 | D:6      | Found a staircase to the Ecumenical Temple.
  6446 | D:7      | Found Ishkur's Dragon-Slaying Spoils.
  6664 | Temple   | Entered the Ecumenical Temple
  6772 | Temple   | Became a worshipper of Ru the Awakened
  6824 | D:7      | Noticed a gargoyle
  6852 | D:7      | Killed a gargoyle
  6853 | D:7      | Reached XP level 10. HP: 48/55 MP: 11/11
  6862 | D:7      | Noticed a boulder beetle
  6879 | D:6      | Slain by a boulder beetle

Illustrated notes

Levels and vault maps discovered:
D:1:      heliophobic_arrival_ceremonial_halls, layout_loops_cross,
          shapermc_ecumenical_altar_rom_forum, minmay_worlds_worst_comb
D:2:      layout_loops_corners, serial_bayou_pond_d
D:3:      layout_basic, mainiacjoe_overflow_catwalk,
          minmay_fractal_squares_gapless_5, uniq_crazy_yiuf_cottage
D:4:      nicolae_cairo_tiling_large, layout_loops_ring,
          kennysheep_pointless_box, minivault_14, uniq_pikel
D:5:      lemuel_ice_spiral_2, layout_basic, mainiacjoe_overflow_cross_hatched,
          serial_shops, shop, hellmonk_ghost_happy_afterlife
D:6:      layout_cave_pods, minmay_temple_entry_glass, sigmund_army
D:7:      minmay_the_grid_square_5x5_3x3
          [minmay_the_grid_square_5x5_beaten_path,
          minmay_the_grid_square_5x5_shrine2,
          minmay_the_grid_square_5x5_dogpile,
          minmay_the_grid_square_5x5_six_small,
          minmay_the_grid_square_5x5_megaprize_open,
          minmay_the_grid_square_5x5_three_small,
          minmay_the_grid_square_5x5_half_checkered,
          minmay_the_grid_square_5x5_spiral,
          minmay_the_grid_square_5x5_trominoes], layout_basic,
          chequers_ossuary_entry_cave, gammafunk_ghost_necromancy,
          nicolae_shop_dragon_depot, minivault_14, minivault_25
Temple:   regret_index_temple_waves

Skill      XL: |  1  2  3  4  5  6  7  8  9 |
---------------+----------------------------+-----
Fighting       | 2 3 5 6 7 |  7.4
Throwing       | 2 |  2.0
Staves         | 3 4 5 6 7 |  7.7
Dodging        | 3 4 5 7 |  7.1

Action                   |  1- 3 |  4- 6 |  7- 9 | 10-12 || total
-------------------------+-------+-------+-------+-------++-------
Melee: Quarterstaff      |    70 |   141 |   190 |     7 ||   408
       Bite              |    16 |    30 |    47 |     3 ||    96
Throw: Throwing net      |       |     1 |       |       ||     1
Evoke: Wand              |       |       |     2 |       ||     2
  Use: Scroll            |       |     7 |    15 |       ||    22
       Potion            |       |       |     2 |       ||     2
 Stab: Sleeping          |     2 |     4 |       |       ||     6
       Distracted        |       |       |     1 |       ||     1
       Confused          |       |       |     1 |       ||     1
Armor: Leather armour    |    18 |    37 |    41 |       ||    96
Dodge: Dodged            |    33 |    75 |   164 |     5 ||   277

Table legend: (Time is in decaauts)
 A = Elapsed time spent in this place.
 B = Non-inter-level travel time spent in this place.
 C = Inter-level travel time spent in this place.
 D = Time resting spent in this place.
 E = Time spent auto-exploring this place.
 F = Levels seen in this place.
 G = Mean time per level.
                   A        B        C        D        E       F      G
               +--------+--------+--------+--------+--------+-----+--------+
         Total |   6902 |   6591 |    311 |     11 |   5096 |   8 |  862.8 |
       Dungeon |   6768 |   6478 |    290 |     11 |   5021 |   7 |  966.9 |
        Temple |    133 |    112 |     21 |      0 |     75 |   1 |  133.0 |
               +--------+--------+--------+--------+--------+-----+--------+

Top non-repeatable levels by time:
     D:1: 1446 daAuts
     D:5: 1375 daAuts
     D:6: 1301 daAuts
     D:2: 862 daAuts
     D:4: 835 daAuts
     D:3: 719 daAuts
     D:7: 228 daAuts
  Temple: 133 daAuts
